 Dungeon Crawl Stone Soup version 0.27.1-34-g3ba077fa99 (webtiles) character file.

Game seed: 17561620850502846882

8849 Sharkman1231 the Slicer (level 11, -7/84 HPs)
             Began as a Demonspawn Necromancer on Jan 18, 2022.
             Mangled by a two-headed ogre (21 damage)
             ... on level 10 of the Dungeon.
             The game lasted 00:12:53 (16086 turns).

Sharkman1231 the Slicer (Demonspawn Necromancer)   Turns: 16086, Time: 00:12:54

Health: -7/84      AC: 12    Str: 16    XL:     11   Next: 15%
Magic:  14/14      EV: 14    Int: 17    God:
Gold:   0          SH:  0    Dex: 19    Spells: 13/14 levels left

rFire    . . .     SeeInvis .   a - +1 dagger (elec)
rCold    + . .     Faith    .   (no shield)
rNeg     . . .     Spirit   .   l - +4 ring mail
rPois    .         Reflect  .   (helmet restricted)
rElec    .         Harm     .   (no cloak)
rCorr    .         Rampage  .   (no gloves)
Will     .....                  D - +1 pair of boots
Stlth    +++++.....             (no amulet)
HPRegen  0.24/turn              F - +6 ring of strength
MPRegen  0.14/turn              t - ring of protection from cold

@: no status effects
A: antennae 2, thin skeletal structure 2, spiny 1
a: no special abilities


You were on level 10 of the Dungeon.
You visited 3 branches of the dungeon, and saw 12 of its levels.

You collected 423 gold pieces.
You spent 423 gold pieces at shops.

Inventory:

Hand Weapons
 a - a +1 dagger of electrocution (weapon)
 y - a +5 long sword
Missiles
 J - 5 throwing nets
 K - 9 curare-tipped darts
Armour
 l - a +4 ring mail (worn)
 D - a +1 pair of boots (worn)
Jewellery
 d - a ring of positive energy
 j - a ring of flight
 m - a ring of fire
 t - a ring of protection from cold (right hand)
 x - an amulet of regeneration
 F - a +6 ring of strength (left hand)
Wands
 u - a wand of flame (62)
 G - a wand of mindburst (7)
Scrolls
 b - a scroll of silence {unknown}
 c - 3 scrolls of noise {unknown}
 f - a scroll of immolation {unknown}
 g - 4 scrolls of teleportation
 h - a scroll of fear {unknown}
 i - a scroll of blinking {unknown}
 k - a scroll of torment {unknown}
 p - a scroll of enchant armour
 r - a scroll of vulnerability {unknown}
 s - 3 scrolls of enchant weapon
 w - 3 scrolls of amnesia {unknown}
 B - 4 scrolls of magic mapping {unknown}
 C - a scroll of holy word {unknown}
 I - 2 scrolls of fog
Potions
 e - a potion of invisibility
 n - 4 potions of curing
 o - 2 potions of brilliance
 q - 4 potions of lignification
 v - a potion of attraction
 z - 2 potions of ambrosia
 E - a potion of haste {unknown}
 H - a potion of might {unknown}


   Skills:
 + Level 7.0 Fighting
 * Level 9.2 Short Blades
 - Level 0.5(5.7) Long Blades
 + Level 4.4 Armour
 + Level 6.8 Dodging
 + Level 5.2 Stealth
 - Level 2.0 Spellcasting
 - Level 7.0 Necromancy
 + Level 4.8 Evocations


You had 13 spell levels left.
You knew the following spells:

 Your Spells              Type           Power      Damage    Failure   Level
a - Pain                  Necr           100%       1d9       1%          1

Your spell library contained the following spells:

 Spells                   Type           Power      Damage    Failure   Level
 Animate Skeleton         Necr           50%        N/A       1%          1
 Sublimation of Blood     Necr           12%        N/A       3%          2
 Vampiric Draining        Necr           12%        2d7       6%          3
 Animate Dead             Necr           12%        N/A       19%         4
 Agony                    Necr           25%        N/A       47%         5
 Ignite Poison            Fire/Tmut/Pois 1%         N/A       71%         3
 Mephitic Cloud           Conj/Pois/Air  1%         N/A       71%         3
 Petrify                  Tmut/Erth      1%         N/A       98%         4
 Bolt of Magma            Conj/Fire/Erth 0%         4d4       100%        5
 Irradiate                Conj/Tmut      0%         3d14      100%        5


Dungeon Overview and Level Annotations

Branches:
Dungeon (10/15)            Temple (1/1) D:5            Lair (1/6) D:10
    Orc (0/2) D:9

Altars:
Ashenzari
Cheibriados
Dithmenos
Elyvilon
Fedhas
Gozag
Hepliaklqana
Kikubaaqudgha
Nemelex Xobeh
Okawaru
Qazlal
Ru
Sif Muna
Trog
Uskayaw
Vehumet
Wu Jian
Xom
Yredelemnul
Zin
The Shining One

Shops:
D:3 !   D:4 [   D:7 !   D:9 ?**:*

Annotations:
D:10 Nergalle


Innate Abilities, Weirdness & Mutations

You have a pair of antennae on your head.
You have a moderately thin skeletal structure. (Dex +4, Stealth++)
You are partially covered in sharp spines.


Message History

z - 2 potions of ambrosia
There is an entrance to Fimov's Magic Scroll Emporium here.
You can access your shopping list by pressing '$'.
There is an open door here.
Found a book of Alchemy.
There is an open door here.
You pick up a book of Alchemy and begin reading...
You add the spells Sublimation of Blood, Petrify and Irradiate to your library.
There is an open door here.
You open the door.
There is an open door here.
There is an open door here.
Key pressed, stopping explore.
You see here a +0 trident.
Done exploring.
Done exploring.
Done exploring.
There is a stone staircase leading down here.
You climb downwards.
Level annotation: Nergalle
There is a stone staircase leading up here.
The two-headed ogre hits you with a +0 giant spiked club!
The two-headed ogre barely misses you.
You hit the two-headed ogre.
The two-headed ogre is lightly wounded.
You barely miss the two-headed ogre.
The two-headed ogre is lightly wounded.
You hit the two-headed ogre but do no damage.
The two-headed ogre is lightly wounded.
The two-headed ogre hits you with a +0 giant spiked club!!
The two-headed ogre misses you.
You hit the two-headed ogre.
The two-headed ogre is lightly wounded.
You barely miss the two-headed ogre.
The two-headed ogre is lightly wounded.
The two-headed ogre is struck by your spines.
The two-headed ogre hits you with a +0 giant spiked club!!
* * * LOW HITPOINT WARNING * * *
The two-headed ogre hits you with a +0 giant spiked club!!
You die...

##.#.#...$...#....# ##.##
#.....[...# ... #.# #...#
#.........# #.# #.# #..#
#.........###.###.######.#
#.........##...(.Zo......o
#.......#.#...###.#.####.#
#...........#.....#.# #.#
#..(.......÷..###.#.# #.#
####.#...@O÷....$.#.## #.#
#...<..##.######..# #.#
###..#.##># ##.# #.#
#.##.#..# #.# #.#
#.##....#######.#
#.....[.......#.# #
#..#...>.####T#.###.#
#..#................#
#..#:#...####.#.#####


You could see a two-headed ogre.

Vanquished Creatures
  Harold (D:8)
  A two-headed ogre (D:9)
  Erica (D:9)
  A komodo dragon (Lair:1)
  Grinder (D:3)
  Prince Ribbit (D:8)
  2 wyverns (Lair:1)
  A vampire (D:8)
  10 yaks
  A wraith (D:10)
  A steam dragon (D:8)
  3 orc warriors
  2 ice beasts
  A hornet zombie (D:7)
  4 ogres
  A phantom (D:6)
  4 centaurs
  3 kobold brigands
  3 scorpions
  3 bullfrogs
  2 water moccasin skeletons
  7 killer bees
  9 wights
  5 howler monkeys
  4 crimson imps (D:9)
  A centaur zombie (D:9)
  A bullfrog zombie (D:6)
  2 jellies
  7 orc priests
  4 hounds
  A centaur skeleton (D:7)
  2 iguanas
  Ijyb (D:3)
  Terence (D:1)
  5 orc wizards
  A hound zombie (D:5)
  2 hound skeletons
  3 howler monkey zombies
  Robin (D:4)
  9 gnolls
  9 adders
  3 white imps
  2 ufetubi
  An adder skeleton (D:4)
  2 worms
  32 orcs
  11 ball pythons
  4 bats (D:3)
  7 endoplasms
  3 giant cockroaches
  12 goblins
  15 hobgoblins
  5 quokkas
  6 frilled lizards
  23 kobolds
  6 rats
  A spectral orc (D:6)
255 creatures vanquished.

Vanquished Creatures (others)
  A human (D:7)
1 creature vanquished.

Grand Total: 256 creatures vanquished

Notes
Turn   | Place    | Note
-------+----------+-------------------------------------------
     0 | D:1      | Sharkman1231 the Demonspawn Necromancer began the quest for
                  | the Orb.
     0 | D:1      | Reached XP level 1. HP: 13/13 MP: 3/3
   744 | D:1      | Gained mutation: You have a pair of small antennae on your
                  | head. [demonic ancestry]
   744 | D:1      | Reached XP level 2. HP: 19/20 MP: 5/5
  1221 | D:2      | Found a snail-covered altar of Cheibriados.
  1222 | D:2      | Noticed Terence
  1231 | D:2      | Reached skill level 1 in Fighting
  1515 | D:1      | Killed Terence
  1516 | D:1      | Reached skill level 1 in Short Blades
  1516 | D:1      | Gained mutation: You are partially covered in sharp spines.
                  | [demonic ancestry]
  1516 | D:1      | Reached XP level 3. HP: 9/26 MP: 6/6
  2044 | D:2      | Reached XP level 4. HP: 19/32 MP: 7/7
  3100 | D:3      | Reached skill level 2 in Short Blades
  3134 | D:3      | Reached skill level 5 in Necromancy
  3134 | D:3      | Reached XP level 5. HP: 24/38 MP: 8/8
  3379 | D:3      | Found a large runed translucent door.
  3380 | D:3      | Found a large runed translucent door.
  3396 | D:3      | Noticed Grinder
  3407 | D:3      | Killed Grinder
  3408 | D:3      | Reached skill level 3 in Short Blades
  3408 | D:3      | Gained mutation: You have a pair of antennae on your head.
                  | [demonic ancestry]
  3408 | D:3      | Reached XP level 6. HP: 12/46 MP: 9/9
  3726 | D:3      | Found Oguxzif's Distillery.
  3743 | D:3      | Bought 2 potions of curing for 78 gold pieces
  4106 | D:3      | Noticed Ijyb
  4123 | D:3      | Killed Ijyb
  4223 | D:3      | HP: 2/47 [ogre (16)]
  4422 | D:3      | Gained mutation: You have a somewhat thin skeletal
                  | structure. (Dex +2, Stealth+) [demonic ancestry]
  4422 | D:3      | Reached XP level 7. HP: 31/52 MP: 5/10
  4729 | D:3      | Bought a potion of heal wounds for 65 gold pieces
  4852 | D:4      | Reached skill level 4 in Short Blades
  5183 | D:4      | Found a shadowy altar of Dithmenos.
  5595 | D:4      | Found Agijedd's Antique Armour Shoppe.
  5702 | D:4      | Noticed Robin
  5713 | D:4      | Killed Robin
  6545 | D:5      | Entered Level 5 of the Dungeon
  6554 | D:5      | Reached skill level 5 in Short Blades
  7087 | D:4      | Reached XP level 8. HP: 51/60 MP: 11/11
  7140 | D:5      | Found a staircase to the Ecumenical Temple.
  7149 | Temple   | Entered the Ecumenical Temple
  7967 | D:5      | Found a hide-covered altar of Uskayaw.
  7967 | D:5      | Found a shimmering blue altar of Sif Muna.
  8210 | D:6      | Reached skill level 6 in Short Blades
  8621 | D:6      | Reached skill level 5 in Fighting
  8624 | D:6      | Reached skill level 5 in Dodging
  8750 | D:6      | Gained mutation: You have a moderately thin skeletal
                  | structure. (Dex +4, Stealth++) [demonic ancestry]
  8750 | D:6      | Reached XP level 9. HP: 68/68 MP: 12/12
  8975 | D:6      | Found a blossoming altar of Fedhas.
  9025 | D:6      | Reached skill level 1 in Evocations
  9076 | D:6      | Reached skill level 1 in Armour
  9155 | D:6      | Found a basalt altar of Yredelemnul.
  9814 | D:7      | Reached skill level 7 in Short Blades
 10102 | D:7      | Found Veih's Distillery.
 10106 | D:7      | Bought a potion of berserk rage for 65 gold pieces
 10106 | D:7      | Bought a potion of degeneration for 13 gold pieces
 10106 | D:7      | Bought 2 potions of lignification for 78 gold pieces
 10182 | D:7      | You fall into a shaft and drop 3 floors!
 10182 | D:10     | Entered Level 10 of the Dungeon
 10403 | D:9      | Found Heemm's Book Shoppe.
 10418 | D:9      | Noticed Erica
 10430 | D:10     | Noticed Nergalle
 10430 | D:10     | Noticed a troll
 10430 | D:10     | Noticed a two-headed ogre
 10434 | D:10     | Found a staircase to the Lair.
 10441 | Lair:1   | Entered Level 1 of the Lair of Beasts
 10441 | Lair:1   | Noticed a komodo dragon
 10463 | Lair:1   | Killed a komodo dragon
 10793 | D:10     | Noticed a two-headed ogre
 11108 | D:10     | Reached XP level 10. HP: 69/76 MP: 13/13
 11608 | D:9      | Found a radiant altar of Vehumet.
 11617 | D:9      | Reached skill level 8 in Short Blades
 11619 | D:9      | Found a shimmering altar of Xom.
 12492 | D:9      | Found Tiuphine's Assorted Antiques.
 12499 | D:9      | Bought an emerald potion for 16 gold pieces
 12499 | D:9      | Bought an inky potion for 16 gold pieces
 12499 | D:9      | Bought a scroll labelled MANTIECAITT for 18 gold pieces
 12499 | D:9      | Bought a scroll labelled GEAXIR WYIMEF for 18 gold pieces
 12515 | D:9      | Found Guomoatz's General Store.
 13000 | D:9      | Killed Erica
 13286 | D:9      | Found a staircase to the Orcish Mines.
 13336 | D:9      | Found Xilo Val's General Store.
 13338 | D:9      | Found Fimov's Magic Scroll Emporium.
 13346 | D:9      | Noticed a two-headed ogre
 13367 | D:8      | Noticed Prince Ribbit
 13771 | D:8      | Noticed Harold
 13783 | D:8      | Killed Harold
 13784 | D:8      | Reached skill level 9 in Short Blades
 13784 | D:8      | Reached skill level 5 in Stealth
 13784 | D:8      | Reached XP level 11. HP: 61/83 MP: 14/14
 14076 | D:8      | Killed Prince Ribbit
 14972 | D:7      | Found an ancient bone altar of Kikubaaqudgha.
 15444 | D:3      | Found a sacrificial altar of Ru.
 15451 | D:3      | Found a broken altar of Ashenzari.
 15661 | D:9      | Killed a two-headed ogre
 15890 | D:9      | Bought a scroll of fog for 28 gold pieces
 15890 | D:9      | Bought a scroll of identify for 28 gold pieces
 16086 | D:10     | Mangled by a two-headed ogre

Illustrated notes

Levels and vault maps discovered:
D:1:      scummos_arrival_forest, layout_loops_ring
D:2:      minmay_chambers_of_twos, layout_basic, basic_altar, uniq_terence
D:3:      minmay_chambers_of_threes, layout_basic, jmf_multi_god_temple2,
          serial_shops, nicolae_shop_competitors_out_of_business,
          hangedman_decor_clover_reticule, ebering_dispersal_statue_hall,
          minmay_close_crescents, uniq_ijyb, uniq_grinder
D:4:      layout_basic, mainiacjoe_overflow_surrounded_room, serial_shops,
          nicolae_diamond_shop, kennysheep_generic_room_2, uniq_robin
D:5:      layout_cave_pools, mainiacjoe_overflow_chevrons,
          amethyst_overflow_temple_binary, minmay_temple_entry_purple_smoke
D:6:      layout_basic, yredelemnul_forgotten_temple_becter,
          nicolae_overflow_hidden_temple
D:7:      layout_loops_ring, tgw_kikubaaqudgha, serial_shops, nicolae_shop_stone
D:8:      layout_basic, uniq_prince_ribbit1, uniq_harold
D:9:      layout_gridville, vehumet_altar_wand_db, led_xom_imps, serial_shops,
          nicolae_square_shop, shop, shop, shop, shop_statue,
          hangedman_abyss_or_decor_stabs, chequers_arboretum,
          due_unseen_surprise, uniq_erica
D:10:     layout_loops_ring, kennysheep_mini, nzn_makhleb_speed_demon,
          lair_entry_dummy, minmay_tree_intersection, uniq_urug, uniq_nergalle
Temple:   nicolae_temple_figure_zero
Lair:1:   layout_gridlike, serial_bayou_ford_a

Skill      XL: |  1  2  3  4  5  6  7  8  9 10 11 |
---------------+----------------------------------+-----
Dodging        | 2 3 4 5 6 |  6.8
Fighting       | 1 2 3 4 5 6 7 |  7.0
Short Blades   | 1 2 3 5 6 7 9 |  9.2
Necromancy     | 5 6 7 |  7.0
Stealth        | 2 3 5 |  5.2
Evocations     | 3 4 |  4.8
Armour         | 2 4 |  4.4
Long Blades    | |  0.5
Spellcasting   | |  2.0

Action                   |  1- 3 |  4- 6 |  7- 9 | 10-12 || total
-------------------------+-------+-------+-------+-------++-------
Melee: Long sword        |    12 |       |       |       ||    12
       Dagger            |    47 |   128 |   340 |   325 ||   840
 Cast: Pain              |    14 |     8 |     2 |       ||    24
Evoke: Wand              |       |     3 |       |     3 ||     6
  Use: Scroll            |       |     1 |     3 |     6 ||    10
       Potion            |       |       |     1 |     4 ||     5
 Stab: Sleeping          |     4 |     5 |    14 |     4 ||    27
Armor: Robe              |     9 |     3 |       |       ||    12
       Ring mail         |       |    37 |   110 |    79 ||   226
Dodge: Dodged            |    30 |    58 |   160 |   151 ||   399
       Rpst.: Long sword |     4 |       |       |       ||     4
